 Dungeon Crawl Stone Soup version 0.19-a0-1895-g783e625 (webtiles) character file.

407 Yakui the Poker (level 6, -2/48 HPs)
             Began as a Merfolk Gladiator on Oct 18, 2016.
             Was a Follower of Uskayaw.
             Splashed by a jelly's acid (5 damage)
             ... on level 5 of the Dungeon.
             The game lasted 00:15:30 (4258 turns).

Yakui the Poker (Merfolk Gladiator)                 Turns: 4258, Time: 00:15:31

Health: -2/48      AC: -2    Str: 16    XL:     6   Next: 88%
Magic:  6/6        EV: 14    Int:  7    God:    Uskayaw [*.....]
Gold:   236        SH:  0    Dex: 16    Spells: 0 memorised, 5 levels left

rFire  . . .     SeeInvis .     a - +1 trident
rCold  . . .     Gourm    .     n - +0 ring mail
rNeg   . . .     Faith    .     (no shield)
rPois  .         Spirit   .     c - +0 helmet
rElec  .         Reflect  .     (no cloak)
rCorr  .         Harm     .     (no gloves)
MR     .....                    (no boots)
Stlth  ++........               (no amulet)
                                (no ring)
                                (no ring)

@: corroded
A: change form in water, swift swim, stealthy swim
a: Stomp, Renounce Religion


You were on level 5 of the Dungeon.
You worshipped Uskayaw.
Uskayaw was noncommittal.
You were not hungry.

You visited 1 branch of the dungeon, and saw 5 of its levels.

You collected 236 gold pieces.

Inventory:

Hand Weapons
 a - a +1 trident (weapon)
Missiles
 d - 3 throwing nets
 k - 4 tomahawks (quivered)
Armour
 c - a +0 helmet (worn)
 n - a +0 ring mail (worn)
Jewellery
 g - an uncursed ring of fire
Wands
 r - a wand of disintegration (10/24)
 v - a wand of polymorph (20/24)
Scrolls
 i - a scroll of teleportation
 o - a scroll of remove curse
 w - a scroll of fear
Potions
 b - a potion of cancellation {unknown}
 e - a potion of beneficial mutation {unknown}
 j - 2 potions of might
 l - a potion of brilliance {unknown}
 m - 2 potions of heal wounds {unknown}
 p - 2 potions of invisibility {unknown}
 q - 2 potions of lignification {unknown}
 s - a potion of agility {unknown}
 u - a potion of curing {unknown}
 z - a potion of berserk rage {unknown}
Comestibles
 f - 7 bread rations
 h - a fruit
 t - 2 meat rations
 x - 2 chunks of flesh


   Skills:
 + Level 3.8 Fighting
 * Level 7.4 Polearms
 - Level 2.0 Throwing
 + Level 5.9 Dodging
 + Level 3.2 Stealth


You had 5 spell levels left.
You didn't know any spells.

Dungeon Overview and Level Annotations

Branches:
Dungeon (5/15)
 Temple: D:4-7

Altars:
Makhleb
Trog
Uskayaw
Yredelemnul


Message History

You completely miss the jelly.
The jelly is moderately wounded.
The jelly barely misses you.
You puncture the jelly! The acid corrodes you!
Your hands burn!
The jelly is almost dead.
The jelly hits you.
You are splashed with acid!
The acid burns!
You can now pass through a line of other dancers.
You hit the jelly but do no damage. The acid corrodes you!
Your hands burn!
The jelly is almost dead.
The jelly hits you.
You are splashed with acid!
The acid burns!
You hit the jelly but do no damage.
Your hands burn!
* * * LOW HITPOINT WARNING * * *
The jelly is almost dead.
The jelly hits you.
* * * LOW HITPOINT WARNING * * *
You are splashed with acid!
The acid burns!
* * * LOW HITPOINT WARNING * * *
You can no longer pass through a line of other dancers.
You hit the jelly but do no damage.
Your hands burn!
You die...

#.# #.####### ##'# #####.#
#.......# ##..# # #...#.####
#.#####.# ##...# ## #........#
#.##.##.###....#
.###.....##.#####..<..#.##.....#
.........................'.....#
..........#.#####.#.>.#.##.....#
#...........#####....[..###....#
####...#.#####.J@......## ##...#
#...#.# #.####.##.# ##..#
#...#.# #.# #.##.# ##... #####.#
#.# ..##.# .## #.# #.# #. # .#
#.# #.# # #.# #.###.###.# #.#
#.........# ########.#
#####......


You could see a jelly.

Vanquished Creatures
  A phantom (D:4)
  3 orc priests
  2 orc wizards
  3 worker ants
  4 adders
  2 oozes
  4 leopard geckos
  5 orcs
  5 bats
  4 giant cockroaches
  6 goblins
  3 hobgoblins
  4 jackals (D:2)
  3 quokkas
  2 frilled lizards
  4 kobolds
  3 rats
  A spectral orc (D:4)
59 creatures vanquished.

Notes
Turn   | Place    | Note
-------+----------+-------------------------------------------
     0 | D:1      | Yakui the Merfolk Gladiator began the quest for the Orb.
     0 | D:1      | Reached XP level 1. HP: 16/16 MP: 1/1
   119 | D:1      | Reached XP level 2. HP: 23/23 MP: 2/2
   345 | D:1      | Reached skill level 1 in Stealth
   536 | D:1      | Reached XP level 3. HP: 27/28 MP: 3/3
   982 | D:2      | Reached skill level 5 in Polearms
  1408 | D:3      | Found a bloodstained altar of Trog.
  1424 | D:3      | Reached XP level 4. HP: 32/34 MP: 4/4
  1442 | D:3      | Reached skill level 5 in Dodging
  1803 | D:3      | Reached XP level 5. HP: 3/41 MP: 5/5
  2181 | D:3      | Found a hide-covered altar of Uskayaw.
  2181 | D:3      | Found a burning altar of Makhleb.
  2188 | D:3      | Became a worshipper of Uskayaw the Reveler
  2376 | D:4      | Reached * piety under Uskayaw
  2488 | D:4      | Noticed an ogre
  2538 | D:3      | Reached ** piety under Uskayaw
  2540 | D:3      | Reached skill level 6 in Polearms
  2796 | D:4      | Noticed a phantom
  2995 | D:4      | Found a basalt altar of Yredelemnul.
  3044 | D:4      | Killed a phantom
  3044 | D:4      | Reached XP level 6. HP: 34/47 MP: 6/6
  3044 | D:4      | Reached *** piety under Uskayaw
  3235 | D:4      | Reached skill level 7 in Polearms
  3238 | D:4      | Reached **** piety under Uskayaw
  3918 | D:5      | Entered Level 5 of the Dungeon
  4248 | D:5      | HP: 2/48 [acid (9)]
  4258 | D:5      | Splashed by a jelly's acid

Vault maps used:
D:1:      dpeg_arrival_lava_altar, serial_bayou, serial_bayou_lagoon_a,
          serial_bayou_pond_b, serial_bayou_shore_b, serial_bayou_pond_d
D:3:      lemuel_doored_altar, gammafunk_temple_overflow_elements, first_bread
D:4:      yredelemnul_forgotten_temple_becter
D:5:      lemuel_ratsnest, xom_teletrap_fun

Skill      XL: |  1  2  3  4  5  6 |
---------------+-------------------+-----
Stealth        | 1 2 3 |  3.2
Polearms       | 5 6 7 |  7.4
Dodging        | 5 |  5.9
Fighting       | 3 |  3.8
Throwing       | |  2.0

Action                   |  1- 3 |  4- 6 || total
-------------------------+-------+-------++-------
Melee: Trident           |   114 |   159 ||   273
Throw: Tomahawk          |       |     1 ||     1
  Use: Scroll            |       |    10 ||    10
 Stab: Sleeping          |     3 |     4 ||     7
       Paralysed         |       |     1 ||     1
  Eat: Chunk             |     1 |    10 ||    11
Armor: Leather armour    |    28 |       ||    28
       Ring mail         |    17 |    34 ||    51
Dodge: Dodged            |    98 |    69 ||   167
